 Dungeon Crawl Stone Soup version 0.28.0-53-g5a82cb258f (webtiles) character file.

Game seed: 7036245305818882013

7895 Sin92 the Cleaver (level 11, -5/87 HPs)
             Began as a Minotaur Fighter on June 2, 2022.
             Was a High Priest of Okawaru.
             Slain by a molten gargoyle
             ... wielding a +0 morningstar
              (10 damage)
             ... on level 9 of the Dungeon on June 3, 2022.
             The game lasted 00:21:18 (7791 turns).

Sin92 the Cleaver (Minotaur Fighter)                Turns: 7791, Time: 00:21:19

Health: -5/87      AC: 16    Str: 31    XL:     11   Next: 2%
Magic:  13/13      EV: 10    Int: 10    God:    Okawaru [*****.]
Gold:   994        SH: 13    Dex: 13    Spells: 10/10 levels left

rFire   . . .      SeeInvis .   r - +6 hand axe "Righal" {vamp, Str+3 Int+3}
rCold   x . .      Faith    .   y - +2 kite shield
rNeg    . . .      Spirit   .   g - +0 chain mail
rPois   +          Reflect  .   o - +2 hat
rElec   .          Harm     .   (no cloak)
rCorr   .          Rampage  .   l - +2 pair of gloves
Will    +++++                   (no boots)
Stlth   ..........              n - amulet "Parph" {rC- Will+++ Regen+ Str+4}
HPRegen 1.04/turn               d - ring of willpower
MPRegen 0.13/turn               q - ring of poison resistance

@: about to teleport
A: horns 2, retaliatory headbutt, thin skeletal structure 1, clever 1, frail 1,
strong-willed 1
a: Renounce Religion, Heroism, Finesse, Duel


You were on level 9 of the Dungeon.
You worshipped Okawaru.
Okawaru was extremely pleased with you.
You visited 2 branches of the dungeon, and saw 10 of its levels.
You also visited: Bailey.

You collected 994 gold pieces.

Inventory:

Hand Weapons
 a - a +0 war axe of electrocution
 r - the +6 hand axe "Righal" (weapon) {vamp, Str+3 Int+3}
   (You found it in a bailey)

   It occasionally heals its wielder for a portion of the damage dealt when it
   wounds a living foe.
   Str:       It affects your strength (+3).
   Int:       It affects your intelligence (+3).
 C - a +1 vorpal war axe
Missiles
 m - a throwing net (quivered)
Armour
 b - a +0 scale mail
 c - a +0 buckler
 g - a +0 chain mail (worn)
 l - a +2 pair of gloves (worn)
 o - a +2 hat (worn)
 y - a +2 kite shield (worn)
Jewellery
 d - a ring of willpower (left hand)
 n - the amulet "Parph" (around neck) {rC- Will+++ Regen+ Str+4}
   (You found it on level 4 of the Dungeon)

   [amulet of regeneration]

   Str:       It affects your strength (+4).
   rC:        It makes you vulnerable to cold.
   Regen:     It increases your rate of health regeneration.
   Will:      It greatly increases your willpower.
 q - a ring of poison resistance (right hand)
 B - a ring of wizardry
Wands
 f - a wand of iceblast (12)
 p - a wand of mindburst (6)
 w - a wand of flame (4)
 x - a wand of polymorph (5)
Scrolls
 i - a scroll of teleportation
 s - a scroll of blinking
 v - 4 scrolls of magic mapping
Potions
 e - 2 potions of ambrosia {unknown}
 h - 7 potions of curing
 j - a potion of magic {unknown}
 k - a potion of berserk rage
 t - a potion of might
 u - 2 potions of brilliance
 z - a potion of flight {unknown}
 A - a potion of lignification {unknown}


   Skills:
 + Level 9.6 Fighting
 * Level 9.9 Axes
 + Level 9.7 Armour
 - Level 7.1 Dodging
 + Level 9.5 Shields
 + Level 4.3 Invocations


You had 10 spell levels left.
You didn't know any spells.
Your spell library contained the following spells:

 Spells                   Type           Power      Damage    Failure   Level
 Magic Dart               Conj           0%         1d3       97%         1
 Slow                     Hex            0%         N/A       97%         1
 Ensorcelled Hibernation  Hex/Ice        0%         N/A       99%         2
 Passwall                 Tmut/Erth      0%         N/A       99%         2
 Static Discharge         Conj/Air       0%         N/A       99%         2
 Confusing Touch          Hex            0%         N/A       100%        3
 Inner Flame              Hex/Fire       0%         N/A       100%        3
 Mephitic Cloud           Conj/Pois/Air  0%         N/A       100%        3
 Swiftness                Air            0%         N/A       100%        3
 Vampiric Draining        Necr           0%         2d6       100%        3
 Anguish                  Hex/Necr       0%         N/A       100%        4
 Cause Fear               Hex            0%         N/A       100%        4
 Dispel Undead            Necr           0%         3d6       100%        4
 Hailstorm                Conj/Ice       0%         3d3       100%        4
 Ice Form                 Ice/Tmut       0%         N/A       100%        4
 Sticky Flame             Conj/Fire      0%         2d3       100%        4
 Enfeeble                 Hex            0%         N/A       100%        7
 Discord                  Hex            0%         N/A       100%        8
 Call Imp                 Summ           Unusable   N/A       N/A         2
 Tukima's Dance           Hex            Unusable   N/A       N/A         3
 Simulacrum               Ice/Necr       Unusable   N/A       N/A         6

Dungeon Overview and Level Annotations

Branches:
Dungeon (9/15)             Temple (1/1) D:5          Bailey (visited)
   Lair: D:8-11         Orc: D:9-12

Altars:
Ashenzari
Cheibriados
Dithmenos
Elyvilon
Fedhas
Gozag
Hepliaklqana
Kikubaaqudgha
Makhleb
Nemelex Xobeh
Okawaru
Ru
Sif Muna
Trog
Uskayaw
Vehumet
Wu Jian
Xom
Yredelemnul
Zin
The Shining One


Innate Abilities, Weirdness & Mutations

You have a pair of horns on your head.
You reflexively headbutt those who attack you in melee.
You have a somewhat thin skeletal structure. (Dex +2, Stealth+)
Your mind is acute. (Int +2)
You are frail. (-10% HP)
You are strong-willed. (Will+)


Message History

A molten gargoyle is nearby!
You hit the molten gargoyle but do no damage.
The molten gargoyle is moderately damaged.
Unknown command.
A molten gargoyle is nearby!
You hit the molten gargoyle but do no damage.
The molten gargoyle is moderately damaged.
The molten gargoyle hits you with a +0 morningstar!!
You are engulfed in flames!
Unknown command.
A molten gargoyle is nearby!
You hit the molten gargoyle but do no damage.
The molten gargoyle is moderately damaged.
The molten gargoyle hits you with a +0 morningstar!
You are engulfed in flames!
Unknown command.
A molten gargoyle is nearby!
You are too injured to fight recklessly!
Unknown command.
A molten gargoyle is nearby!
You are too injured to fight recklessly!
A molten gargoyle is nearby!
Unknown command.
You are too injured to fight recklessly!
Unknown command.
A molten gargoyle is nearby!
You are too injured to fight recklessly!
You hit the molten gargoyle but do no damage.
You headbutt the molten gargoyle, but do no damage.
The molten gargoyle is moderately damaged.
The molten gargoyle hits you with a +0 morningstar!!
* * * LOW HITPOINT WARNING * * *
You are engulfed in flames!
* * * LOW HITPOINT WARNING * * *
As you read the scroll of teleportation, it crumbles to dust.
You feel strangely unstable.
The molten gargoyle hits you with a +0 morningstar.
* * * LOW HITPOINT WARNING * * *
You are engulfed in flames!
You die...

...≈.....#.. ##########
.#.≈≈≈≈≈≈(.#. #.........
#.≈§≈≈≈≈§.#. #.......#. #
.#(≈≈88≈≈≈.## #......... #.
#.≈≈≈88≈≈.#.###......###
#.#.#.§≈§§≈≈≈.#..'.#..#.'..
#..#..≈≈≈≈≈≈.#.###?.....##.
#...#....9≈...#.)........##
#.##.#)#.#@#.#...#..#..#.'.
#...#.#.#.#.#.#..........##
#....)......########.......
#.#..##...#.# #.....##
#...........# #####.......
#...######### #....#####..
#.#.#.....# #....#...##.
#.#.#.##### #....#._.##.
#...#.#...# #....#...#..


You could see a molten gargoyle.

Vanquished Creatures
  A two-headed ogre (D:8)
  3 molten gargoyles (D:9)
  A kobold demonologist (D:9)
  A troll (D:6)
  A shadow (D:9)
  6 yaks (D:8)
  A wyvern (D:9)
  2 steam dragons
  A water moccasin (D:6)
  7 orc warriors (Bailey)
  A black bear (D:6)
  3 ice beasts (D:7)
  A necrophage (D:5)
  2 sky beasts
  3 ogres
  5 centaurs
  2 phantoms
  5 kobold brigands (Bailey)
  4 bullfrogs
  2 wyvern zombies (D:7)
  A gnoll sergeant (D:6)
  A scorpion (D:5)
  A wyvern skeleton (D:7)
  A water moccasin skeleton (D:5)
  5 wights (D:9)
  5 electric eels (D:7)
  A lava snake (D:9)
  A bullfrog zombie (D:7)
  2 hounds (D:6)
  4 orc priests
  2 centaur zombies (D:9)
  A gnoll shaman (D:7)
  Ijyb (D:5)
  A centaur skeleton (D:5)
  4 iguanas
  9 orc wizards
  A scorpion zombie (D:5)
  A killer bee zombie (D:6)
  6 gnolls
  5 adders
  2 howler monkey skeletons
  An ufetubus (D:6)
  4 dart slugs
  24 orcs
  8 ball pythons
  7 endoplasms
  4 giant cockroaches
  7 goblins
  3 hobgoblins
  7 jackals
  19 kobolds
  4 quokkas
  3 bats
  5 frilled lizards
  5 rats
208 creatures vanquished.

Vanquished Creatures (others)
  A gnoll (D:7)
1 creature vanquished.

Grand Total: 209 creatures vanquished

Notes
Turn   | Place    | Note
-------+----------+-------------------------------------------
     0 | D:1      | Sin92 the Minotaur Fighter began the quest for the Orb.
     0 | D:1      | Reached XP level 1. HP: 19/19 MP: 0/0
    30 | D:1      | Reached XP level 2. HP: 9/27 MP: 1/1
   455 | D:1      | Reached skill level 1 in Dodging
   668 | D:1      | Found a faded altar of an unknown god.
   836 | D:2      | Reached XP level 3. HP: 33/33 MP: 2/2
  1759 | D:2      | Reached XP level 4. HP: 40/40 MP: 3/3
  2567 | D:3      | Reached XP level 5. HP: 47/47 MP: 4/4
  2984 | D:4      | Noticed a sky beast
  3003 | D:4      | Killed a sky beast
  3325 | D:4      | Identified the amulet "Parph" {rC- Will+++ Regen+ Str+4}
  3675 | D:4      | Noticed an ogre
  3683 | D:4      | Killed an ogre
  3684 | D:4      | Reached skill level 5 in Fighting
  3684 | D:4      | Reached skill level 5 in Armour
  3684 | D:4      | Reached skill level 5 in Shields
  3684 | D:4      | Reached XP level 6. HP: 56/56 MP: 5/5
  3736 | D:5      | Entered Level 5 of the Dungeon
  3807 | D:5      | Noticed Ijyb
  3814 | D:5      | Killed Ijyb
  3927 | D:5      | Found a staircase to the Ecumenical Temple.
  3980 | D:5      | Reached XP level 7. HP: 54/61 MP: 6/6
  4014 | Temple   | Entered the Ecumenical Temple
  4146 | Temple   | Became a worshipper of Warmaster Okawaru
  4277 | D:5      | Reached skill level 5 in Axes
  4405 | D:5      | Reached * piety under Okawaru
  4460 | D:5      | Reached XP level 8. HP: 70/70 MP: 7/7
  4841 | D:6      | Reached skill level 5 in Dodging
  4899 | D:6      | Reached ** piety under Okawaru
  5086 | D:6      | Noticed a troll
  5100 | D:6      | Killed a troll
  5101 | D:6      | Reached XP level 9. HP: 33/79 MP: 8/8
  5417 | D:7      | Found a flagged portal.
  5460 | Bailey   | Entered a bailey
  5524 | Bailey   | Identified the +6 hand axe "Righal" {vamp, Str+3 Int+3}
  5625 | Bailey   | Reached *** piety under Okawaru
  5628 | Bailey   | Reached skill level 1 in Invocations
  5663 | Bailey   | Found an iron altar of Okawaru.
  6232 | D:7      | Reached XP level 10. HP: 89/90 MP: 10/10
  6395 | D:7      | Gained mutation: You are clumsy. (Dex -2) [potion of
                  | mutation]
  6395 | D:7      | Gained mutation: You are partially covered in iridescent
                  | scales. (AC +2) [potion of mutation]
  6396 | D:7      | Lost mutation: You are clumsy. (Dex -2) [potion of
                  | mutation]
  6396 | D:7      | Lost mutation: You are partially covered in iridescent
                  | scales. (AC +2) [potion of mutation]
  6396 | D:7      | Gained mutation: You are frail. (-10% HP) [potion of
                  | mutation]
  6396 | D:7      | Gained mutation: You have a somewhat thin skeletal
                  | structure. (Dex +2, Stealth+) [potion of mutation]
  6396 | D:7      | Gained mutation: Your mind is acute. (Int +2) [potion of
                  | mutation]
  6396 | D:7      | Gained mutation: You are strong-willed. (Will+) [potion of
                  | mutation]
  6521 | D:8      | Reached **** piety under Okawaru
  6640 | D:8      | Noticed a two-headed ogre
  6663 | D:8      | Killed a two-headed ogre
  7011 | D:9      | Found an opulent altar of Gozag.
  7022 | D:9      | Found a bloodstained altar of Trog.
  7150 | D:9      | Noticed a molten gargoyle
  7155 | D:9      | Noticed a molten gargoyle
  7155 | D:9      | Noticed a molten gargoyle
  7162 | D:9      | Killed a molten gargoyle
  7171 | D:9      | Killed a molten gargoyle
  7171 | D:9      | Reached ***** piety under Okawaru
  7463 | D:9      | Found a white marble altar of Elyvilon.
  7670 | D:9      | Identified the +1 scale mail of the Dice {+Inv rF+ rN+}
  7743 | D:9      | Noticed a molten gargoyle
  7756 | D:9      | Killed a molten gargoyle
  7757 | D:9      | Reached XP level 11. HP: 74/87 MP: 13/13
  7791 | D:9      | Slain by a molten gargoyle

Illustrated notes

Levels and vault maps discovered:
D:1:      giann_horns, layout_loops_ring, shapermc_ecumenical_altar_acropolis,
          nicolae_grassy_gnolls
D:2:      layout_basic, kennysheep_cross_room, dk_noncrumbling_2
D:3:      layout_loops_ring
D:4:      layout_loops_cross
D:5:      layout_rooms, minmay_temple_entry_enclosed_plants, serial_glass,
          glass_columns_c, glass_columns_b, glass_columns_c, glass_columns_a,
          glass_columns_c, glass_columns_b, glass_columns_a, glass_columns_b,
          kennysheep_dice, uniq_ijyb
D:6:      layout_basic
D:7:      layout_loops_ring, enter_bailey_2, minivault_23, kennysheep_boxes
D:8:      layout_rooms, grunt_decor_arrowhead, minivault_10
D:9:      layout_stronghold, mainiacjoe_overflow_big_doors, lemuel_doored_altar,
          minivault_8
Temple:   mainiacjoe_temple_bowtie_tessellation

Skill      XL: |  1  2  3  4  5  6  7  8  9 10 |
---------------+-------------------------------+-----
Dodging        | 1 2 3 4 5 6 7 |  7.1
Fighting       | 4 5 6 7 8 9 |  9.6
Armour         | 4 5 6 7 8 9 |  9.7
Shields        | 4 5 6 7 8 9 |  9.5
Axes           | 3 4 5 6 7 9 |  9.9
Invocations    | 2 4 |  4.3

Action                   |  1- 3 |  4- 6 |  7- 9 | 10-12 || total
-------------------------+-------+-------+-------+-------++-------
Melee: War axe           |    70 |   119 |   199 |       ||   388
       Headbutt          |     9 |    16 |    45 |    37 ||   107
       Hand axe          |       |       |    64 |   170 ||   234
Invok: Heroism           |       |       |       |     2 ||     2
       Finesse           |       |       |       |     1 ||     1
  Use: Scroll            |       |     5 |     2 |     7 ||    14
       Potion            |       |       |     3 |     3 ||     6
Armor: Scale mail        |     8 |       |       |       ||     8
       Chain mail        |    39 |    75 |   167 |    48 ||   329
Dodge: Dodged            |    30 |    40 |   122 |    59 ||   251
Block: Buckler           |    14 |    29 |    79 |     9 ||   131
       Kite shield       |       |       |       |    68 ||    68
